 Dungeon Crawl Stone Soup version 0.29.1-12-g30fa7ad0bf (webtiles) character file.

Game seed: 16439808156255969769

317 ThatPearl the Trooper (level 6, -8/49 HPs)
             Began as a Demonspawn Berserker on Jan 15, 2023.
             Was a Believer of Trog.
             Mangled by an ice beast (11 damage)
             ... on level 6 of the Dungeon.
             The game lasted 00:08:32 (3579 turns).

ThatPearl the Trooper (Demonspawn Berserker)        Turns: 3579, Time: 00:08:33

Health: -8/49      AC:  5    Str: 19    XL:     6   Next: 20%
Magic:  6/6        EV: 10    Int:  8    God:    Trog [**....]
Gold:   116        SH:  4    Dex: 13    Spells: 5/5 levels left

rFire   . . .      SeeInvis .   r - +0 war axe
rCold   . . .      Faith    .   i - +0 buckler
rNeg    . . .      Spirit   .   s - +0 ring mail
rPois   .          Reflect  .   (helmet restricted)
rElec   .          Harm     .   (no cloak)
rCorr   .          Rampage  .   (no gloves)
Will    .....                   (no boots)
Stlth   +.........              (no amulet)
HPRegen 0.16/turn               (no ring)
MPRegen 0.10/turn               (no ring)

@: no status effects
A: horns 1, demonic guardian 2
a: Renounce Religion, Berserk, Trog's Hand


You were on level 6 of the Dungeon.
You worshipped Trog.
Trog was pleased with you.
You visited 1 branch of the dungeon, and saw 5 of its levels.

You collected 116 gold pieces.

Inventory:

Hand Weapons
 a - a +1 whip of electrocution
 r - a +0 war axe (weapon)
Missiles
 e - 41 stones (quivered)
 h - 3 poisoned darts
Armour
 i - a +0 buckler (worn)
 j - a +0 chain mail
 s - a +0 ring mail (worn)
Wands
 p - a wand of polymorph (6)
Scrolls
 b - a scroll of vulnerability {unknown}
 g - a scroll of noise {unknown}
 k - 2 scrolls of identify {unknown}
 m - 2 scrolls of torment {unknown}
 n - a scroll of enchant weapon {unknown}
 o - a scroll of fear {unknown}
 q - a scroll of enchant armour {unknown}
Potions
 c - a potion of curing {unknown}
 d - a potion of resistance {unknown}
 f - a potion of lignification {unknown}
 l - a potion of ambrosia {unknown}


   Skills:
 + Level 4.7 Fighting
 + Level 4.2 Axes
 - Level 2.0 Armour
 - Level 2.0 Dodging
 + Level 2.7 Shields


You had 5 spell levels left.
You didn't know any spells.
Your spell library was empty.

Dungeon Overview and Level Annotations

Branches:
Dungeon (6/15)             Temple (0/1) D:5

Altars:


Innate Abilities, Weirdness & Mutations

You have a pair of small horns on your head.
A demonic guardian rushes to your aid.


Message History

Throw: 44 stones
Press: ? - help, Q - select action, (/) - cycle Shift-Dir - straight line, f/p - ice beast
Aim: an ice beast (lightly wounded, 59% to hit)
You throw a stone.
The stone completely misses the ice beast.
Throw: 43 stones
Press: ? - help, Q - select action, (/) - cycle Shift-Dir - straight line, f/p - ice beast
Aim: an ice beast (lightly wounded, 59% to hit)
You throw a stone.
The stone hits the ice beast but does no damage.
The ice beast is lightly wounded.
Throw: 42 stones
Press: ? - help, Q - select action, (/) - cycle Shift-Dir - straight line, f/p - ice beast
Aim: an ice beast (lightly wounded, 59% to hit)
You throw a stone. The stone closely misses the ice beast.
The ice beast hits you. The ice beast freezes you.
You slash the ice beast!
The ice beast is moderately wounded.
You block the ice beast's attack.
You closely miss the ice beast.
The ice beast is moderately wounded.
The ice beast closely misses you.
You slash the ice beast!
The ice beast is severely wounded.
The ice beast hits you. The ice beast freezes you! The ice beast hits you.
The ice beast freezes you!
You hit the ice beast.
The ice beast is almost dead.
The ice beast hits you but does no damage.
You hit the ice beast.
The ice beast is almost dead.
The ice beast hits you. The ice beast freezes you!
* * * LOW HITPOINT WARNING * * *
A demonic guardian appears!
You hit the ice beast but do no damage.
The ice beast is almost dead.
The ice beast hits you.
* * * LOW HITPOINT WARNING * * *
The ice beast freezes you!
You die...

# #.# ####....## #
#.##########..#+##
#
#.................
#
############.#....
# #......##.#....
# #.####.##.#....
# #.# #....+.... #
#####.# ####.#..?.
#4@...# #.#....
#Y##### #.# #.#
... #.# .!. #.#
.... #.# ... #.#
#.# #.#


You could see an ice beast (ally target) and a friendly rust devil (summoned).

Vanquished Creatures
  2 hounds
  Jessica (D:2)
  2 iguanas (D:6)
  An orc wizard (D:6)
  4 gnolls
  An adder (D:2)
  A worm (D:2)
  7 orcs
  7 bats
  6 endoplasms
  3 giant cockroaches (D:1)
  6 goblins
  7 hobgoblins
  5 jackals (D:1)
  A quokka (D:3)
  3 ball pythons
  3 frilled lizards
  A kobold (D:3)
  3 rats
64 creatures vanquished.

Vanquished Creatures (collateral kills)
  A hound (D:5)
  An orc (D:5)
  A jackal (D:1)
  A quokka (D:1)
4 creatures vanquished.

Grand Total: 68 creatures vanquished

Notes
Turn   | Place    | Note
-------+----------+-------------------------------------------
     0 | D:1      | ThatPearl the Demonspawn Berserker began the quest for the
                  | Orb.
     0 | D:1      | Reached XP level 1. HP: 18/18 MP: 1/1
   272 | D:1      | Gained mutation: A weak demonic guardian rushes to your
                  | aid. [demonic ancestry]
   272 | D:1      | Reached XP level 2. HP: 24/24 MP: 2/2
  1099 | D:1      | Reached XP level 3. HP: 27/29 MP: 3/3
  1127 | D:1      | Reached ** piety under Trog
  1471 | D:2      | Reached skill level 1 in Shields
  1656 | D:2      | Gained mutation: You have a pair of small horns on your
                  | head. [demonic ancestry]
  1656 | D:2      | Reached XP level 4. HP: 27/37 MP: 4/4
  1792 | D:2      | Found a faded altar of an unknown god.
  2281 | D:2      | Noticed Jessica
  2289 | D:2      | Killed Jessica
  2856 | D:3      | You fall into a shaft and drop 3 floors!
  2868 | D:5      | Entered Level 5 of the Dungeon
  2868 | D:5      | Noticed a scorpion
  2868 | D:5      | Noticed a gnoll sergeant
  2868 | D:5      | Found a staircase to the Ecumenical Temple.
  2883 | D:5      | Reached XP level 5. HP: 30/42 MP: 5/5
  3253 | D:6      | Gained mutation: A demonic guardian rushes to your aid.
                  | [demonic ancestry]
  3253 | D:6      | Reached XP level 6. HP: 26/49 MP: 6/6
  3565 | D:6      | Noticed an ice beast
  3579 | D:6      | Mangled by an ice beast

Illustrated notes

Levels and vault maps discovered:
D:1:      dpeg_arrival_pond, layout_loops_ring, corexii_leaking_fountain,
          grunt_decor_clamped, solitary_fountain
D:2:      layout_loops_ring, hellmonk_ecumenical_altar_run_dry,
          hangedman_decor_diamond_cutter, uniq_jessica
D:3:      layout_loops_ring
D:5:      layout_loops_ring, minmay_temple_entry_stoned_glass
D:6:      layout_basic, mainiacjoe_overflow_chevrons

Skill      XL: |  1  2  3  4  5 |
---------------+----------------+-----
Armour         | 2 |  2.0
Dodging        | 2 |  2.0
Axes           | 3 4 |  4.2
Shields        | 1 2 |  2.7
Fighting       | 4 |  4.7

Action                   |  1- 3 |  4- 6 || total
-------------------------+-------+-------++-------
Melee: Hand axe          |   101 |    47 ||   148
       War axe           |       |    65 ||    65
       Headbutt          |       |    20 ||    20
Throw: Stone             |       |     6 ||     6
Invok: Berserk           |     1 |     1 ||     2
 Stab: Sleeping          |     1 |     1 ||     2
Armor: Animal skin       |    30 |     4 ||    34
       Ring mail         |       |    18 ||    18
       Skin              |       |     2 ||     2
Dodge: Dodged            |    78 |    57 ||   135
Block: Buckler           |     3 |    16 ||    19
